 Dungeon Crawl Stone Soup version 0.17-a0-119-g2b06fc5 (webtiles) character file.

1873 Kaesh the Cleaver (level 9, -11/79 HPs)
             Began as a Hill Orc Fighter on Mar 21, 2015.
             Was a Believer of Okawaru.
             Killed from afar by Psyche (31 damage)
             ... with a wand of lightning
             ... on level 8 of the Dungeon.
             The game lasted 00:23:15 (7054 turns).

Kaesh the Cleaver (Hill Orc Fighter)                Turns: 7054, Time: 00:23:16

Health: -11/79     AC: 14    Str: 22    XL:     9   Next: 14%
Magic:  9/9        EV:  8    Int:  8    God:    Okawaru [**....]
Gold:   314        SH: 12    Dex: 10    Spells: 0 memorised, 8 levels left

rFire  . . .     SeeInvis .     a - +0 war axe
rCold  . . .     Clarity  .     b - +0 scale mail
rNeg   . . .     SustAb   .     c - +1 shield
rPois  .         Gourm    .     n - +2 helmet
rElec  .         Spirit   .     (no cloak)
rCorr  .         Warding  .     (no gloves)
rMut   .         Stasis   .     p - +2 pair of boots
MR     .....                    C - amulet of faith
Stlth  ..........               (no ring)
                                (no ring)

@: lethally poisoned (-11 -> -13), not resistant to hostile enchantments,
extremely unstealthy
A: MP-powered wands 1
a: Heroism, Renounce Religion


You were on level 8 of the Dungeon.
You worshipped Okawaru.
Okawaru was pleased with you.
You were not hungry.

You visited 2 branches of the dungeon, and saw 9 of its levels.

You collected 314 gold pieces.

Inventory:

Hand weapons
 a - a +0 war axe (weapon)
Armour
 b - a +0 scale mail (worn)
 c - a +1 shield (worn)
 n - a +2 helmet (worn)
 p - a +2 pair of boots (worn)
Jewellery
 e - the amulet "Beidu" {Ward Contam rF+ rC+++ rN+ Str-4}
   (You found it on level 4 of the Dungeon)

   [amulet of warding]

   It may prevent the melee attacks of summoned creatures.
   It affects your strength (-4).
   It protects you from fire.
   It renders you almost immune to cold.
   It protects you from negative energy.
   It causes magical contamination when unequipped.
 j - an uncursed amulet of stasis
 C - an amulet of faith (around neck)
Magical devices
 E - a wand of teleportation (1)
Scrolls
 i - 2 scrolls of noise {unknown}
 m - 11 scrolls of identify
 o - 5 scrolls of remove curse
 q - 2 scrolls of recharging {unknown}
 v - 2 scrolls of random uselessness {unknown}
 w - a scroll of enchant weapon {unknown}
 y - 3 scrolls of magic mapping
 z - 4 scrolls of fear {unknown}
 A - 2 scrolls of blinking {unknown}
 G - a scroll of brand weapon {unknown}
 K - a scroll of enchant armour
Potions
 f - a potion of brilliance {unknown}
 g - a potion of heal wounds {unknown}
 h - 3 potions of curing {unknown}
 l - a potion of restore abilities {unknown}
 s - a potion of agility
 t - a potion of cancellation {unknown}
 x - 2 potions of poison {unknown}
 B - a potion of flight {unknown}
 F - 2 potions of might
 H - a potion of berserk rage {unknown}
 I - a potion of lignification {unknown}
 L - a potion of beneficial mutation {unknown}
 N - a potion of mutation {unknown}
Books
 J - a book of Necromancy

   Spells                             Type                      Level
   a - Pain                           Necromancy                   1
   b - Animate Skeleton               Necromancy                   1
   c - Vampiric Draining              Necromancy                   3
   d - Regeneration                   Charms/Necromancy            3
   e - Animate Dead                   Necromancy                   4
   f - Control Undead                 Necromancy                   4
Comestibles
 d - 5 meat rations
 k - 3 bread rations
 r - 18 fruits
 u - a beef jerky
 D - a chunk of flesh


   Skills:
 + Level 7.6 Fighting
 + Level 8.1 Axes
 + Level 7.1 Armour
 - Level 0.1 Dodging
 + Level 7.2 Shields


You had 8 spell levels left.
You didn't know any spells.

Dungeon Overview and Level Annotations

Branches:
Dungeon (8/15)             Temple (1/1) D:6
   Lair: D:8-11

Altars:
Cheibriados
Elyvilon
Gozag
Kikubaaqudgha
Makhleb
Nemelex Xobeh
Okawaru
Qazlal
Ru
Sif Muna
Trog
Xom
Yredelemnul
The Shining One

Shops:
D:4 (   D:5 }

Annotations:
D:8 Psyche


Innate Abilities, Weirdness & Mutations

You expend magic power (3 MP) to slightly strengthen your wands.


Message History

Psyche zaps a wand.
The bolt of lightning misses you.
Psyche casts a spell.
Psyche seems to speed up.
You barely miss Psyche.
Psyche zaps a wand.
The bolt of lightning misses you.
Psyche zaps a wand.
The bolt of lightning hits you!
* * * LOW HITPOINT WARNING * * *
You closely miss Psyche. You block Psyche's attack.
Psyche zaps a wand.
The bolt of lightning misses you.
A crimson imp comes into view.
You barely miss Psyche. You block Psyche's attack.
Psyche zaps a wand.
The bolt of lightning misses you.
You miss Psyche. You block Psyche's attack. You block Psyche's attack.
Psyche hits you with a dagger of chaos.
* * * LOW HITPOINT WARNING * * *
You hit Psyche but do no damage.
Psyche cries, "I hate blood and violence."
Psyche hits you but does no damage.
You are poisoned.
Psyche zaps a wand.
The bolt of lightning hits you!
You die...

#..# ##........## #..#
#>.....### #.##
##.....## ####.#
#.....<## #....##
##....#..##
#.....####.....##....
#.....##..............
#.###....@....5....##...
... #...(.@(...##### .
#### #........).##
#....######....# #.#..#
#...## . ##.. #...# ##.
#...# . #...# #...#
.....


You could see Psyche and a crimson imp.

Vanquished Creatures
  Joseph (D:8)
  A troll (D:7)
  The ghost of Ngotmuk the Cudgeler, an average HuFi (D:4)
  An ice beast (D:4)
  A centaur (D:6)
  2 sky beasts
  Sigmund (D:2)
  A scorpion (D:7)
  A quasit (D:6)
  2 jellies (D:5)
  A goliath beetle (D:7)
  2 orc priests (D:5)
  2 hounds
  2 giant frog skeletons
  A worker ant (D:8)
  A gnoll shaman (D:7)
  5 orc wizards
  Jessica (D:3)
  6 adders
  A giant mite (D:2)
  4 gnolls (D:7)
  4 worms (D:2)
  5 giant geckos
  An ooze (D:4)
  26 orcs
  2 bats
  A bat skeleton (D:4)
  8 giant cockroaches
  9 goblins
  11 hobgoblins
  22 jackals
  A quokka (D:3)
  5 giant newts
  4 kobolds
  9 rats
146 creatures vanquished.

Vanquished Creatures (others)
  A plant (D:2)
1 creature vanquished.

Grand Total: 147 creatures vanquished

Notes
Turn   | Place    | Note
--------------------------------------------------------------
     0 | D:1      | Kaesh, the Hill Orc Fighter, began the quest for the Orb.
     0 | D:1      | Reached XP level 1. HP: 19/19 MP: 1/1
   251 | D:1      | Reached XP level 2. HP: 20/27 MP: 2/2
   691 | D:1      | Reached XP level 3. HP: 29/33 MP: 3/3
   790 | D:1      | Reached skill level 4 in Fighting
  1148 | D:2      | Reached XP level 4. HP: 29/40 MP: 4/4
  1253 | D:2      | Noticed Sigmund
  1313 | D:2      | Killed Sigmund
  1313 | D:2      | Reached XP level 5. HP: 30/47 MP: 5/5
  1888 | D:2      | Found a glowing golden altar of the Shining One.
  2409 | D:3      | Noticed Jessica
  2413 | D:3      | Killed Jessica
  2608 | D:3      | Reached XP level 6. HP: 51/55 MP: 6/6
  3015 | D:4      | Reached skill level 5 in Shields
  3127 | D:4      | Found Raeqimad's Antique Weapon Shoppe.
  3174 | D:4      | Noticed Ngotmuk's ghost (average HuFi)
  3196 | D:4      | Killed Ngotmuk's ghost
  3196 | D:4      | Reached skill level 5 in Fighting
  3196 | D:4      | Reached skill level 5 in Axes
  3323 | D:4      | Got a glittering tin amulet
  3330 | D:4      | Identified the amulet "Beidu" {Ward Contam rF+ rC+++ rN+ Str-4} (You found it on level 4 of the Dungeon)
  3425 | D:4      | Reached skill level 5 in Armour
  3425 | D:4      | Reached XP level 7. HP: 55/61 MP: 7/7
  4181 | D:5      | Entered Level 5 of the Dungeon
  4401 | D:5      | Reached skill level 6 in Axes
  4413 | D:5      | Found Xeit Oto's Gadget Boutique.
  5031 | D:6      | Found a staircase to the Ecumenical Temple.
  5042 | Temple   | Entered the Ecumenical Temple
  5083 | Temple   | Gained mutation: You expend magic power (3 MP) to slightly strengthen your wands. [mutagenic glow]
  5109 | Temple   | Became a worshipper of Warmaster Okawaru
  5313 | D:6      | Reached XP level 8. HP: 66/71 MP: 8/8
  5935 | D:7      | Acquired Okawaru's first power
  6086 | D:7      | Reached skill level 7 in Axes
  6191 | D:7      | Noticed a troll
  6201 | D:7      | Killed a troll
  6388 | D:7      | Found a snail-covered altar of Cheibriados.
  6940 | D:8      | Noticed Joseph
  6953 | D:8      | Killed Joseph
  6953 | D:8      | Reached skill level 8 in Axes
  6953 | D:8      | Reached XP level 9. HP: 46/79 MP: 6/9
  7045 | D:8      | Noticed Psyche
  7054 | D:8      | Killed from afar by Psyche

Action                   |  1- 3 |  4- 6 |  7- 9 || total
-------------------------+-------+-------+-------++-------
Melee: War axe           |   106 |   135 |   224 ||   465
Invok: Heroism           |       |       |     2 ||     2
  Use: Scroll            |       |     6 |       ||     6
       Potion            |       |     1 |       ||     1
  Eat: Chunk             |     1 |     7 |    12 ||    20
